 Dungeon Crawl Stone Soup version 0.30-a0-1160-g6e42c06551 (webtiles) character file.

Game seed: 14320545504211811483

1851 IdlyInterested the Cutter (level 8, -4/64 HPs)
             Began as a Demonspawn Gladiator on Apr 26, 2023.
             Slain by Edmund
             ... wielding a +1 dire flail of holy wrath
              (10 damage)
             ... on level 5 of the Dungeon.
             The game lasted 00:16:16 (5503 turns).

IdlyInterested the Cutter (Demonspawn Gladiator)    Turns: 5503, Time: 00:16:17

Health: -4/64      AC:  4    Str: 10    XL:     8   Next: 88%
Magic:  8/8        EV: 12    Int: 11    God:
Gold:   433        SH:  6    Dex: 16    Spells: 7/7 levels left

rFire   . . .        Q - +1 whip (freeze)
rCold   + . .        (no shield)
rNeg    + + +        C - +0 leather armour of the Comet {rC+ rN++ Str-4}
rPois   .            c - +0 helmet
rElec   .            (no cloak)
rCorr   .            (no gloves)
SInv    +            (no boots)
Will    .....        M - amulet of magic regeneration
Stlth   ++           o - ring of see invisible
HPRegen 0.30/turn    P - ring of positive energy
MPRegen 0.51/turn

%: no passive effects
@: no status effects
A: large bone plates 2, foul stench 1, powered by death 1, demonic touch 2
a: no special abilities


You were on level 5 of the Dungeon.
You visited 1 branch of the dungeon, and saw 5 of its levels.
You also visited: Sewer.

You collected 433 gold pieces.

Inventory:

Hand Weapons
 a - a +2 hand axe of flaming
 F - a +0 flail
 N - a -3 morningstar
 Q - a +1 whip of freezing (weapon)
Missiles
 d - 2 throwing nets
 e - a javelin
 g - 27 stones (quivered)
 s - 4 poisoned darts
 y - 2 boomerangs
Armour
 b - a +0 leather armour
 c - a +0 helmet (worn)
 h - a +0 helmet
 p - a +0 ring mail
 u - a +0 chain mail
 C - the +0 leather armour of the Comet (worn) {rC+ rN++ Str-4}
   (You took it off a hobgoblin on level 3 of the Dungeon)

   Str:       It affects your strength (-4).
   rC:        It protects you from cold.
   rN:        It greatly protects you from negative energy.
 I - a +0 chain mail
 L - the +1 chain mail of Bomnu {rN+ Will- Regen+}
   (You found it on level 4 of the Dungeon)

   rN:        It protects you from negative energy.
   Regen:     It increases your rate of health regeneration.
   Will:      It decreases your willpower.
Jewellery
 o - a ring of see invisible (left hand)
 M - an amulet of magic regeneration (around neck)
 P - a ring of positive energy (right hand)
Wands
 O - a wand of charming (10)
Scrolls
 k - 2 scrolls of amnesia {unknown}
 l - 7 scrolls of identify {unknown}
 m - a scroll of fog {unknown}
 n - 3 scrolls of teleportation {unknown}
 t - 2 scrolls of immolation {unknown}
 v - a scroll of noise {unknown}
 x - a scroll of enchant weapon {unknown}
 z - a scroll of blinking
 A - a scroll of fear {unknown}
 D - a scroll of silence {unknown}
 E - a scroll of poison {unknown}
 H - a scroll of summoning {unknown}
Potions
 f - 2 potions of mutation {unknown}
 i - a potion of lignification {unknown}
 j - 2 potions of curing {unknown}
 q - 3 potions of haste {unknown}
 r - a potion of magic {unknown}
 w - 2 potions of might {unknown}
 B - 3 potions of brilliance {unknown}
 G - a potion of attraction {unknown}
 K - a potion of heal wounds {unknown}


   Skills:
 - Level 6.0 Fighting
 - Level 6.0 Short Blades
 * Level 5.5 Maces & Flails
 - Level 2.0 Throwing
 - Level 3.0 Armour
 - Level 3.0 Dodging
 + Level 2.0 Stealth
 - Level 2.0 Evocations


You had 7 spell levels left.
You didn't know any spells.
Your spell library contained the following spells:

 Spells                   Type           Power      Damage    Failure   Level
 Shock                    Conj/Air       0%         1d3       43%         1
 Summon Guardian Golem    Hex/Summ       0%         N/A       80%         3
 Swiftness                Air            0%         N/A       80%         3
 Airstrike                Air            0%         2d(0-16)  99%         4
 Manifold Assault         Tloc           0%         N/A       99%         4
 Dispersal                Tloc           0%         N/A       100%        6
 Orb of Destruction       Conj           0%         9d5       100%        7
 Spellforged Servitor     Conj/Summ      0%         N/A       100%        7
 Disjunction              Tloc           0%         N/A       100%        8


Dungeon Overview and Level Annotations

Branches:
Dungeon (5/15)              Sewer (visited)
 Temple: D:4-7

Altars:
Hepliaklqana
Trog
Uskayaw

Annotations:
D:5 Edmund


Innate Abilities, Weirdness & Mutations

You are mostly covered in large bone plates. (SH +6)
You may rarely emit foul miasma when damaged in melee.
You regenerate a little health from kills.
Your touch may inflict irresistible damage on your foes.


Message History

Found a mace.
g - 27 stones (gained 5) Edmund the Younger comes into view.
He is wielding a +1 dire flail of holy wrath.
Edmund shouts!
Edmund hits you with a +1 dire flail of holy wrath!
You convulse!
You hit Edmund but do no damage. Your touch misses Edmund. You hit Edmund.
You freeze Edmund.
You touch Edmund!
Edmund is moderately wounded.
Edmund misses you.
You completely miss Edmund.
Edmund is moderately wounded.
Edmund hits you with a +1 dire flail of holy wrath.
You convulse.
You hit Edmund. You freeze Edmund. Your touch misses Edmund.
Edmund is moderately wounded.
Edmund hits you with a +1 dire flail of holy wrath.
You convulse.
You hit Edmund but do no damage.
Edmund is moderately wounded.
Edmund closely misses you.
You hit Edmund. You freeze Edmund.
Edmund is heavily wounded.
Edmund hits you with a +1 dire flail of holy wrath!
You convulse!
* * * LOW HITPOINT WARNING * * *
Throw: 4 throwing nets
Press: ? - help, Shift-Dir - straight line, f - Edmund
Aim: Edmund, wielding a +1 dire flail of holy wrath and wearing a +0 scale mail (heavily wounded, 68% to hit)
You throw a throwing net. The throwing net closely misses Edmund.
Edmund hits you with a +1 dire flail of holy wrath.
* * * LOW HITPOINT WARNING * * *
You convulse.
* * * LOW HITPOINT WARNING * * *
Throw: 3 throwing nets
Press: ? - help, Shift-Dir - straight line, f/p - Edmund
Aim: Edmund, wielding a +1 dire flail of holy wrath and wearing a +0 scale mail (heavily wounded, 68% to hit)
You throw a throwing net. The throwing net barely misses Edmund.
Edmund hits you with a +1 dire flail of holy wrath!
You die...

# #####..........# #
###....+..........#
#####....# #..........#
#........###?.........#
+........##...........#
#.....................#
#.....#####...........#
#...#.....#.....@.....#
#.#.#.###.#......@....#
..#+#+###.#.####+######
..........#.......#
##........#.......#
..........#.......#
##........#.......#
.'........#.......#
##........#.......#


You could see Edmund.

Vanquished Creatures
  Pikel (D:5)
  A water moccasin (D:5)
  An ogre (D:4)
  A centaur (D:5)
  A lemure (D:5)
  A phantom (D:5)
  2 bullfrogs (Sewer)
  6 scorpions (D:4)
  5 hounds
  A jelly (D:4)
  An iguana (D:4)
  3 gnolls (D:3)
  19 adders
  A shadow imp (D:5)
  4 worms (D:2)
  12 dart slugs
  An orc (D:4)
  16 endoplasms
  15 giant cockroaches
  7 goblins
  14 hobgoblins
  2 jackals (D:1)
  13 quokkas
  10 ball pythons
  7 bats
  9 frilled lizards
  6 kobolds
  5 rats
165 creatures vanquished.

Vanquished Creatures (others)
  18 fungi (D:4)
18 creatures vanquished.

Grand Total: 183 creatures vanquished

Notes
Turn   | Place    | Note
-------+----------+-------------------------------------------
     0 | D:1      | IdlyInterested the Demonspawn Gladiator began the quest for
                  | the Orb.
     0 | D:1      | Reached XP level 1. HP: 16/16 MP: 1/1
   120 | D:1      | Reached skill level 1 in Armour
   120 | D:1      | Gained mutation: Your touch may inflict minor irresistible
                  | damage on your foes. [demonic ancestry]
   120 | D:1      | Reached XP level 2. HP: 20/22 MP: 2/2
   242 | D:1      | Reached skill level 1 in Stealth
   480 | D:1      | Gained mutation: You regenerate a little health from kills.
                  | [demonic ancestry]
   480 | D:1      | Reached XP level 3. HP: 27/27 MP: 3/3
  1305 | D:2      | Reached skill level 1 in Evocations
  1435 | D:2      | Gained mutation: You are partially covered in large bone
                  | plates. (SH +4) [demonic ancestry]
  1435 | D:2      | Reached XP level 4. HP: 32/33 MP: 4/4
  1879 | D:3      | Found a hazy altar of Hepliaklqana.
  1909 | D:3      | Found a glowing drain.
  1918 | Sewer    | Entered a sewer
  2113 | Sewer    | Gained mutation: You are mostly covered in large bone
                  | plates. (SH +6) [demonic ancestry]
  2113 | Sewer    | Reached XP level 5. HP: 41/41 MP: 5/5
  2350 | Sewer    | Gained mutation: You may rarely emit foul miasma when
                  | damaged in melee. [demonic ancestry]
  2350 | Sewer    | Reached XP level 6. HP: 20/48 MP: 6/6
  2432 | D:3      | Identified the +0 leather armour of the Comet {rC+ rN++
                  | Str-4}
  2889 | D:3      | Found a bloodstained altar of Trog.
  3381 | D:4      | Reached skill level 5 in Short Blades
  3384 | D:4      | Reached XP level 7. HP: 18/54 MP: 7/7
  3596 | D:4      | Found a hide-covered altar of Uskayaw.
  3802 | D:4      | Identified the +1 chain mail of Bomnu {rN+ Will- Regen+}
  4103 | D:4      | Reached skill level 5 in Fighting
  4149 | D:4      | Gained mutation: Your touch may inflict irresistible damage
                  | on your foes. [demonic ancestry]
  4149 | D:4      | Reached XP level 8. HP: 64/64 MP: 8/8
  4541 | D:5      | Entered Level 5 of the Dungeon
  4665 | D:5      | Reached skill level 1 in Maces & Flails
  5268 | D:5      | Noticed Pikel
  5280 | D:5      | Killed Pikel
  5281 | D:5      | Reached skill level 5 in Maces & Flails
  5490 | D:5      | Noticed Edmund
  5503 | D:5      | Slain by Edmund

Illustrated notes

Levels and vault maps discovered:
D:1:      amcnicky_arrival_blooded_trapdoor, layout_basic,
          nicolae_kite_square_tiling_tiny, kennysheep_nondescript
D:2:      wad_river_or_something, layout_rooms
D:3:      kennysheep_slugbush, layout_loops_ring, overflow_temple_1_default,
          zin_scriptorium, old_standard_altar, serial_forest,
          infiniplex_forest_clump_small, infiniplex_forest_lined_ring,
          infiniplex_forest_diagonal, infiniplex_forest_lined_2,
          infiniplex_forest_corner_2, infiniplex_forest_straight_2,
          infiniplex_forest_lined_2, portal_sewer_entry_d
D:4:      old_forge, layout_basic, jmf_multi_god_temple
D:5:      layout_basic, minmay_fountain_box, uniq_edmund, uniq_pikel

Skill      XL: |  1  2  3  4  5  6  7  8 |
---------------+-------------------------+-----
Short Blades   | 3 4 5 6 |  6.0
Armour         | 1 2 3 |  3.0
Stealth        | 1 2 |  2.0
Dodging        | 3 |  3.0
Throwing       | 2 |  2.0
Evocations     | 1 2 |  2.0
Fighting       | 3 4 5 6 |  6.0
Maces & Flails | 5 |  5.5

Action                     |  1- 3 |  4- 6 |  7- 9 || total
---------------------------+-------+-------+-------++-------
  Melee: Rapier            |   120 |   233 |     8 ||   361
         Punch             |     1 |     3 |     4 ||     8
         Touch             |    15 |    41 |    30 ||    86
         Dagger            |       |       |    89 ||    89
         Morningstar       |       |       |    55 ||    55
         Whip              |       |       |    11 ||    11
  Throw: Stone             |     1 |     1 |     7 ||     9
         Throwing net      |       |       |     2 ||     2
   Stab: Sleeping          |     1 |     1 |     3 ||     5
         Held in net/web   |       |       |     4 ||     4
 Armour: Leather armour    |    24 |     7 |    27 ||    58
         Ring mail         |     5 |     3 |       ||     8
         Chain mail        |       |   103 |       ||   103
  Dodge: Dodged            |    71 |    82 |    70 ||   223
  Block: Other             |       |    66 |    40 ||   106

Table legend: (Time is in decaauts)
 A = Elapsed time spent in this place.
 B = Non-inter-level travel time spent in this place.
 C = Inter-level travel time spent in this place.
 D = Time resting spent in this place.
 E = Time spent auto-exploring this place.
 F = Levels seen in this place.
 G = Mean time per level.
                   A        B        C        D        E       F      G
               +--------+--------+--------+--------+--------+-----+--------+
         Total |   5586 |   5025 |    561 |    878 |   2504 |   6 |  931.0 |
       Dungeon |   5020 |   4459 |    561 |    693 |   2397 |   5 | 1004.0 |
         Sewer |    566 |    566 |      0 |    185 |    107 |   1 |  566.0 |
               +--------+--------+--------+--------+--------+-----+--------+

Top non-repeatable levels by time:
     D:4: 1226 daAuts
     D:3: 1077 daAuts
     D:1: 1018 daAuts
     D:5: 934 daAuts
     D:2: 763 daAuts
   Sewer: 566 daAuts
